 Dungeon Crawl Stone Soup version 0.27.1-1-g398f81649c (webtiles) character file.

Game seed: 14631312485253586333

4348 ZARRMARR the Covert (level 10, -4/68 HPs)
             Began as an Octopode Conjurer on Sept 10, 2021.
             Was a Follower of Sif Muna.
             Slain by an ogre (28 damage)
             ... on level 7 of the Dungeon.
             The game lasted 00:42:48 (12631 turns).

ZARRMARR the Covert (Octopode Conjurer)            Turns: 12631, Time: 00:42:48

Health: -4/68      AC:  7    Str:  7    XL:     10   Next: 34%
Magic:  11/28      EV: 15    Int: 35    God:    Sif Muna [*.....]
Gold:   484        SH:  0    Dex: 11    Spells: 15/21 levels left

rFire    . . .     SeeInvis +   t - +2 dagger (elec)
rCold    . . .     Faith    .   (no shield)
rNeg     . . .     Spirit   .   a - +2 hat
rPois    .         Reflect  .   (no amulet)
rElec    .         Harm     .   f - +6 ring of intelligence
rCorr    .         Rampage  .   m - ring of see invisible
Will     .....                  p - +4 ring of protection
Stlth    +++++.....             s - ring of magical power
HPRegen  0.21/turn              b - ring of wizardry
MPRegen  0.21/turn              k - +6 ring of intelligence
                                (no ring)
                                (no ring)

@: no status effects
A: almost no armour, amphibious, 8 rings, camouflage 1, gelatinous body 1,
(nimble swimmer 1), tentacles
a: Renounce Religion, Channel Magic


You were on level 7 of the Dungeon.
You worshipped Sif Muna.
Sif Muna was aware of your devotion.
You visited 2 branches of the dungeon, and saw 10 of its levels.

You collected 563 gold pieces.
You spent 79 gold pieces at shops.

Inventory:

Hand Weapons
 t - a +2 dagger of electrocution (weapon)
Armour
 a - a +2 hat (worn)
Jewellery
 b - a ring of wizardry (on tentacle)
 f - a +6 ring of intelligence (left tentacle)
 k - a +6 ring of intelligence (on tentacle)
 m - a ring of see invisible (right tentacle)
 p - a +4 ring of protection (on tentacle)
 s - a ring of magical power (on tentacle)
Wands
 c - a wand of iceblast (1)
 l - a wand of flame (16)
Scrolls
 g - 3 scrolls of teleportation
 i - 4 scrolls of magic mapping
 n - 2 scrolls of enchant weapon
 q - a scroll of fog
 r - a scroll of blinking
 x - a scroll of amnesia
Potions
 d - 2 potions of brilliance {unknown}
 e - a potion of haste {unknown}
 h - 5 potions of curing {unknown}
 j - 2 potions of ambrosia {unknown}
 o - 2 potions of attraction {unknown}
 u - a potion of heal wounds
 v - a potion of lignification {unknown}
 w - a potion of might {unknown}
 z - a potion of flight {unknown}
 A - a potion of mutation {unknown}


   Skills:
 + Level 6.3 Fighting
 + Level 6.7 Dodging
 + Level 9.7 Stealth
 + Level 6.2 Spellcasting
 + Level 7.7 Conjurations
 + Level 2.4 Hexes


You had 15 spell levels left.
You knew the following spells:

 Your Spells              Type           Power      Damage    Failure   Level
a - Magic Dart            Conj           100%       1d8       1%          1
b - Searing Ray           Conj           100%       3d7       1%          2
c - Dazzling Flash        Conj/Hex       92%        N/A       1%          3

Your spell library contained the following spells:

 Spells                   Type           Power      Damage    Failure   Level
 Fulminant Prism          Conj/Hex       23%        3d13      1%          4
 Passwall                 Tmut/Erth      8%         N/A       2%          2
 Inner Flame              Hex/Fire       19%        N/A       2%          3
 Iskenderun's Mystic Bla  Conj/Tloc      37%        2d9       3%          4
 Swiftness                Air            10%        N/A       4%          3
 Cause Fear               Hex            14%        N/A       5%          4
 Animate Dead             Necr           5%         N/A       16%         4
 Summon Ice Beast         Ice/Summ       10%        N/A       16%         4
 Summon Mana Viper        Hex/Summ       19%        N/A       24%         5
 Borgnjor's Vile Clutch   Necr/Erth      5%         N/A       38%         5
 Invisibility             Hex            14%        N/A       58%         6
 Death Channel            Necr           5%         N/A       89%         6
 Monstrous Menagerie      Summ           5%         N/A       100%        7
 Discord                  Hex            14%        N/A       100%        8


Dungeon Overview and Level Annotations

Branches:
Dungeon (9/15)             Temple (1/1) D:6            Lair (0/6) D:9
    Orc: D:9-12

Altars:
Ashenzari
Cheibriados
Dithmenos
Elyvilon
Fedhas
Gozag
Hepliaklqana
Kikubaaqudgha
Makhleb
Nemelex Xobeh
Okawaru
Qazlal
Ru
Sif Muna
Uskayaw
Vehumet
Xom
Yredelemnul
Zin
The Shining One
Beogh

Shops:
D:2 =   D:4 *[   D:5 (   D:8 *

Annotations:
D:3 exclusion: downstairs
D:7 1 transporter, exclusion: downstairs
D:9 exclusions: boulder beetle and hornet


Innate Abilities, Weirdness & Mutations

You cannot wear most types of armour.
You are amphibious.
You can wear up to eight rings at the same time.
Your skin changes colour to match your surroundings (Stealth+).
Your rubbery body absorbs attacks. (AC +1, EV +1)
((You are camouflaged near water. (Stealth+)))
You have tentacles for arms and can constrict up to eight enemies at once.


Message History

The searing ray hits the orc warrior.
The orc warrior is heavily wounded.
The searing ray hits the orc wizard!
You kill the orc wizard!
Sif Muna accepts your kill.
The orc warrior hits you with a +0 short sword.
Unknown command.
The searing ray hits the orc warrior!
The orc warrior is almost dead.
You finish channeling your searing ray.
The orc warrior hits you with a +0 short sword!
Unknown command.
Casting: Searing Ray (safe; 1% risk of failure)
Confirm with . or Enter, or press ? or * to list all spells.
Aiming: Searing Ray (safe; 1% risk of failure)
Press: ? - help, Shift-Dir - straight line, f - orc warrior
Aim: an orc warrior, wielding a +0 short sword and wearing a +0 plate armour (almost dead, 83% to hit)
The searing ray misses the orc warrior. (Press . to maintain the ray.)
The orc warrior misses you. The ogre hits you with a +0 giant club!
The searing ray hits the orc warrior!
You kill the orc warrior!
Sif Muna accepts your kill. The ogre hits you with a +0 giant club!
Unknown command.
Casting: Searing Ray (safe; 1% risk of failure)
Confirm with . or Enter, or press ? or * to list all spells.
Restarting spell: Searing Ray (safe; 1% risk of failure)
Press: ? - help, Shift-Dir - straight line, f - ogre
Aim: an ogre, wielding a +0 giant club (92% to hit)
The searing ray hits the ogre.
The ogre is lightly wounded. (Press . to maintain the ray.) Unknown command.
The searing ray misses the ogre.
The ogre barely misses you.
Unknown command.
The searing ray hits the ogre!
The ogre is moderately wounded.
The ogre hits you with a +0 giant club!!
You die...

#.#######.................#.#
####.### ##..#########.........
#......# #..©..# #........#
#......####################.####
#......##...)©....##.........# #
#......#...#####...#.#######.###
#......#...!#$#....#.# #....
#......#.#".....$#.#.#######..##
#......#.##.8.8@##.#...........#
##.....)#.#..._O))#.##########..#
........#.##.8.8.##.# #..#
........#.#..)..).#o# ##.#
........#....#$#)...# #..
...##.###...#####...# #.. ...##.#
#....©....# #..
...##.############## #..
...##.........©..# #..


You could see an ogre.

Vanquished Creatures
  The ghost of GravelGoth the Chopper, an amateur HOMo (D:3)
  A troll (D:9)
  Sigmund (D:2)
  A wyvern (D:7)
  A wraith (D:9)
  Eustachio (D:5)
  A steam dragon (D:8)
  2 water moccasins (D:5)
  2 orc warriors
  A sky beast (D:5)
  A black bear (D:7)
  3 ogres
  A hornet zombie (D:6)
  3 centaurs
  3 bullfrogs
  2 gnoll sergeants
  2 water moccasin zombies
  2 scorpions
  A water moccasin skeleton (D:6)
  4 killer bees (D:8)
  3 wights (D:9)
  A howler monkey (D:8)
  2 centaur zombies
  2 bullfrog zombies
  4 jellies
  A bullfrog skeleton (D:6)
  4 orc priests
  6 hounds
  A centaur skeleton (D:5)
  5 iguanas
  2 orc wizards (D:7)
  2 killer bee zombies
  A hound skeleton (D:5)
  Robin (D:4)
  7 gnolls
  A howler monkey zombie (D:5)
  9 adders
  A shadow imp (D:6)
  A white imp (D:8)
  2 ufetubi
  2 adder skeletons (D:4)
  5 dart slugs
  20 orcs
  6 ball pythons
  9 endoplasms
  7 giant cockroaches
  10 goblins
  12 hobgoblins
  4 jackals (D:1)
  4 quokkas
  6 bats
  A frilled lizard (D:1)
  7 kobolds
  4 rats
187 creatures vanquished.

Notes
Turn   | Place    | Note
-------+----------+-------------------------------------------
     0 | D:1      | ZARRMARR the Octopode Conjurer began the quest for the Orb.
     0 | D:1      | Reached XP level 1. HP: 11/11 MP: 3/3
   161 | D:1      | Reached XP level 2. HP: 18/18 MP: 3/5
   164 | D:1      | Reached skill level 3 in Stealth
   510 | D:1      | Reached XP level 3. HP: 9/22 MP: 1/6
   801 | D:1      | Reached skill level 1 in Fighting
  1617 | D:2      | Noticed Sigmund
  1716 | D:3      | Reached XP level 4. HP: 20/28 MP: 1/7
  2018 | D:3      | Found a runed translucent gate.
  2019 | D:3      | Found a runed translucent gate.
  2019 | D:3      | Found a runed translucent gate.
  2019 | D:3      | Noticed GravelGoth's ghost (amateur HOMo)
  2060 | D:3      | Found a shadowy altar of Dithmenos.
  2519 | D:4      | Reached skill level 4 in Stealth
  2519 | D:4      | Reached XP level 5. HP: 22/34 MP: 0/9
  3142 | D:4      | Found Teozini's Armour Boutique.
  3371 | D:4      | Reached XP level 6. HP: 39/39 MP: 3/10
  3522 | D:4      | Learned a level 2 spell: Searing Ray
  3590 | D:4      | Noticed Robin
  3689 | D:4      | Killed Robin
  3812 | D:4      | Found a sparkling altar of Nemelex Xobeh.
  3984 | D:4      | Found Nimusayl's Assorted Antiques.
  3992 | D:4      | Bought an amethyst potion for 27 gold pieces
  3992 | D:4      | Bought a scroll labelled ILI TASITOUGE for 30 gold pieces
  4069 | D:4      | Found Zadobb's Assorted Antiques.
  4706 | D:5      | Entered Level 5 of the Dungeon
  4792 | D:5      | Noticed a sky beast
  4804 | D:5      | Reached skill level 5 in Stealth
  4804 | D:5      | Reached skill level 5 in Conjurations
  4933 | D:5      | Reached XP level 7. HP: 45/45 MP: 6/12
  4990 | D:5      | Noticed Eustachio
  5604 | D:5      | Reached skill level 6 in Stealth
  5731 | D:5      | Reached XP level 8. HP: 54/54 MP: 9/14
  6301 | D:5      | Reached skill level 7 in Stealth
  6306 | D:5      | Killed Eustachio
  6307 | D:5      | Reached skill level 5 in Dodging
  6552 | D:5      | Found Waipi's Antique Weapon Emporium.
  6910 | D:6      | Reached XP level 9. HP: 48/59 MP: 3/16
  7060 | D:6      | Found a staircase to the Ecumenical Temple.
  7074 | Temple   | Entered the Ecumenical Temple
  7243 | Temple   | Became a worshipper of Sif Muna the Loreminder
  7408 | D:6      | Reached skill level 5 in Spellcasting
  7687 | D:6      | Reached skill level 8 in Stealth
  7763 | D:6      | Reached skill level 5 in Fighting
  8814 | D:7      | Found a transporter.
  8819 | D:7      | Found a transporter.
  9493 | D:8      | Found Ydghampue's Assorted Antiques.
  9501 | D:8      | Bought a lumpy ruby potion for 22 gold pieces
  9829 | D:8      | Learned a level 3 spell: Dazzling Flash
  9910 | D:8      | Reached skill level 9 in Stealth
 10437 | D:9      | Reached skill level 1 in Hexes
 10453 | D:9      | Reached XP level 10. HP: 68/68 MP: 18/18
 10516 | D:9      | Found a hazy altar of Hepliaklqana.
 10646 | D:9      | Found a staircase to the Lair.
 10805 | D:9      | Reached * piety under Sif Muna
 10905 | D:9      | Found a radiant altar of Vehumet.
 11013 | D:9      | Noticed a boulder beetle
 11364 | D:2      | Killed Sigmund
 11552 | D:2      | Found Huphegoj's Jewellery Shoppe.
 11718 | D:2      | Found a faded altar of an unknown god.
 12139 | D:3      | Killed GravelGoth's ghost
 12631 | D:7      | Slain by an ogre

Illustrated notes

Levels and vault maps discovered:
D:1:      dpeg_arrival_radiant, layout_basic
D:2:      layout_basic, hellmonk_ecumenical_altar_arch_garden, serial_shops,
          shop, uniq_sigmund
D:3:      layout_basic, grunt_dithmenos_smoke_and_mirrors,
          ebering_ghost_rock_garden, st_stairs_8, small_statue_intersection
D:4:      layout_layer_cave, overflow_temple_1_default, serial_shops,
          nicolae_shop_trees, shop, nicolae_shop_crystal,
          chequers_serial_rivers_micro_c, hex_large, minmay_misc_feat_ornament,
          chequers_serial_rivers_micro_b, uniq_robin
D:5:      minmay_thinvault, layout_loops_cross, serial_shops, kennysheep_mini,
          uniq_eustachio
D:6:      layout_basic, minmay_temple_entry_overgrown, item_on_display_b
D:7:      gammafunk_beogh_shrine, layout_basic
D:8:      layout_layer_cave, serial_shops, shop
D:9:      layout_big_octagon, mainiacjoe_overflow_alcove_4,
          mainiacjoe_overflow_tiny_flanked, kennysheep_dice
Temple:   nicolae_temple_elliptical

Skill      XL: |  1  2  3  4  5  6  7  8  9 10 |
---------------+-------------------------------+-----
Stealth        | 3 4 5 6 7 9 |  9.7
Fighting       | 1 2 3 4 5 6 |  6.3
Dodging        | 3 4 5 6 |  6.7
Spellcasting   | 3 4 5 6 |  6.2
Conjurations   | 5 6 7 |  7.7
Hexes          | 1 2 |  2.4

Action                   |  1- 3 |  4- 6 |  7- 9 | 10-12 || total
-------------------------+-------+-------+-------+-------++-------
Melee: Constrict         |     3 |     3 |     3 |       ||     9
       Tentacles         |     3 |     3 |     1 |       ||     7
       Unarmed           |     1 |       |       |       ||     1
       Dagger            |    11 |    13 |    18 |       ||    42
 Cast: Magic Dart        |    75 |   121 |    39 |    29 ||   264
       Searing Ray       |       |    15 |    60 |    26 ||   101
Evoke: Wand              |       |       |       |     6 ||     6
  Use: Scroll            |       |     2 |     5 |     2 ||     9
 Stab: Sleeping          |     1 |       |    13 |       ||    14
Armor: Skin              |       |     1 |     4 |     4 ||     9
Dodge: Dodged            |    12 |    13 |    36 |    10 ||    71
